 Dungeon Crawl Stone Soup version 0.31.0-12-g77e489cdc1 (webtiles) character file.

Game seed: 3116878294350771717

1 RancidPinata the Sneak (level 1, 0/16 HPs)
             Began as an Octopode Delver on Feb 19, 2024.
             Killed from afar by an orc wizard (7 damage)
             ... with a magic dart
             ... on level 4 of the Dungeon.
             The game lasted 00:00:48 (112 turns).

RancidPinata the Sneak (Octopode Delver)             Turns: 112, Time: 00:00:49

Health: 0/16       AC:  1    Str: 11    XL:     1   Next: 20%
Magic:  1/1        EV: 13    Int: 12    God:
Gold:   0          SH:  0    Dex: 13    Spells: 0/0 levels left

rFire   . . .        a - +0 short sword
rCold   . . .        (no shield)
rNeg    . . .        (helmet restricted)
rPois   .            (no amulet)
rElec   .            (no ring)
rCorr   .            (no ring)
SInv    .            (no ring)
Will    .....        (no ring)
Stlth   ++++         (no ring)
HPRegen 0.22/turn    (no ring)
MPRegen 0.07/turn    (no ring)
                     (no ring)

%: no passive effects
@: no status effects
A: almost no armour, amphibious, 8 rings, camouflage 1, gelatinous body 1,
(nimble swimmer 1), tentacles
a: no special abilities


You were on level 4 of the Dungeon.
You visited 1 branch of the dungeon, and saw 3 of its levels.

Inventory:

Hand Weapons
 a - a +0 short sword (weapon)
Missiles
 g - a stone (quivered)
Wands
 f - a wand of digging (3)
Scrolls
 b - a scroll of fog
 c - a scroll of revelation
 d - a scroll of fear
Potions
 e - a potion of haste


   Skills:
 * Level 3.0 Fighting
 + Level 2.0 Short Blades
 * Level 2.0 Dodging
 * Level 6.6 Stealth


You couldn't memorise any spells.
You didn't know any spells.
Your spell library was empty.

Dungeon Overview and Level Annotations

Branches:
Dungeon (6/15)
 Temple: D:4-7

Altars:
Kikubaaqudgha
Yredelemnul


Innate Abilities, Weirdness & Mutations

You cannot wear most types of armour.
You are amphibious.
You can wear up to eight rings at the same time.
Your skin changes colour to match your surroundings (Stealth+).
Your rubbery body absorbs attacks. (AC +1, EV +1)
((You are camouflaged when in or above water. (Stealth+)))
You have tentacles for arms and can constrict up to eight enemies at once.


Message History

Welcome, RancidPinata the Octopode Delver.
Below lies the Orb of Zot, rumoured to be powerful enough to resurrect a god...
Press ? for a list of commands and other information.
Found a stone.
Found a stone staircase leading down.
g - a stone
There is a stone staircase leading down here.
Found a stone staircase leading up.
There is a stone staircase leading down here.
There is a stone staircase leading down here.
You climb downwards.
Found an ancient bone altar of Kikubaaqudgha and a basalt altar of Yredelemnul.
There is a stone staircase leading up here.
You climb upwards.
There is a stone staircase leading down here.
Found a ruby potion.
A quokka comes into view.
A black bear comes into view.
Found a rapier.
There is a stone staircase leading up here.
You climb upwards.
There is a stone staircase leading down here.
The helpless quokka fails to defend itself.
You puncture the quokka!
You kill the quokka!
You see here a quokka corpse.
A hound comes into view.
Found a stone staircase leading up.
There is a stone staircase leading up here.
A hound and an orc wizard come into view.
The orc wizard shouts!
The orc wizard gestures at you while chanting.
The puff of flame hits you!
Ouch! That really hurt!
The orc wizard points at you and mumbles some strange words.
You resist with significant effort.
The orc wizard points at you and mumbles some strange words.
The magic dart hits you. The orc wizard casts a spell at you.
The magic dart hits you!
You die...

### ### #.# #.#### #<#
#....# #.# #.##.# #.#
#.##.#######
#.###########.##.......###
#..............o..........
########.@................
#.##..........o....
#...........#......
#..................
#.............#.##.
###.............#.# .
#..............###. .
#............... ...
#............


You could see an orc wizard.

Vanquished Creatures
  A quokka (D:4)
1 creature vanquished.

Notes
Turn   | Place    | Note
-------+----------+-------------------------------------------
     0 | D:5      | RancidPinata the Octopode Delver began the quest for the
                  | Orb.
     0 | D:5      | Reached XP level 1. HP: 16/16 MP: 1/1
    10 | D:6      | Noticed a hound
    10 | D:6      | Found an ancient bone altar of Kikubaaqudgha.
    10 | D:6      | Found a basalt altar of Yredelemnul.
    20 | D:5      | Noticed a black bear
    35 | D:4      | Noticed a hound
    92 | D:4      | Noticed a hound
    92 | D:4      | Noticed an orc wizard
   112 | D:4      | Killed from afar by an orc wizard

Illustrated notes

Levels and vault maps discovered:
D:4:      layout_basic, minmay_temple_entry_large_hall
D:5:      layout_rooms, kennysheep_mini, cheibriados_altar_1
D:6:      layout_rooms, mainiacjoe_overflow_small_starburst,
          grunt_temple_overflow_open

Action                     || total
---------------------------++-------
  Melee: Short sword       ||     1
   Stab: Sleeping          ||     1
 Armour: Skin              ||     3
